 Dungeon Crawl Stone Soup version 0.18.1-50-g88ac8fd (webtiles) character file.

35 magog001 the Stinger (level 3, -3/15 HPs)
             Began as a Felid Venom Mage on Feb 24, 2017.
             Slain by an orc wizard
             ... wielding a +0 dagger
              (6 damage)
             ... on level 2 of the Dungeon.
             The game lasted 00:13:47 (2534 turns).

magog001 the Stinger (Felid Venom Mage)             Turns: 2534, Time: 00:13:48

Health: -3/15      AC:  1    Str:  4    XL:     3   Next: 16%
Magic:  6/7        EV: 18    Int: 16    God:
Gold:   189        SH:  0    Dex: 17    Spells: 3 memorised, 0 levels left
                                        Lives:  0   Deaths: 1

rFire  . . .     SeeInvis +       - Unarmed
rCold  . . .     Gourm    .     (armour unavailable)
rNeg   . . .     Faith    .     (shield unavailable)
rPois  .         Spirit   .     (helmet unavailable)
rElec  .         Dismiss  .     (cloak unavailable)
rCorr  .         Reflect  .     (gloves unavailable)
SustAt .         Harm     .     (boots unavailable)
MR     .....                    c - amulet of rage
Stlth  +++.......               (no ring)
                                (no ring)

@: quick, not resistant to hostile enchantments, fairly stealthy
A: no armour, no weapons or thrown items, claws 1, fangs 3, see invisible,
carnivore 3, speed 1, shaggy fur 1, slow metabolism 1, sharp paws
a: Evoke Berserk Rage


You were on level 2 of the Dungeon.
You were not hungry.

You visited 1 branch of the dungeon, and saw 3 of its levels.

You collected 189 gold pieces.

Inventory:

Jewellery
 c - an amulet of rage (around neck)
Scrolls
 g - a scroll of immolation {unknown}
Potions
 e - a potion of might
Books
 a - a Young Poisoner's Handbook

   Spells                             Type                      Level
   a - Sting                          Conjuration/Poison           1
   b - Cure Poison                    Poison                       2
   c - Mephitic Cloud                 Conjuration/Poison/Air       3
   d - Olgreb's Toxic Radiance        Poison                       4
   e - Venom Bolt                     Conjuration/Poison           5
Comestibles
 b - 3 meat rations
 d - a chunk of flesh
 f - a slice of pizza
 j - a royal jelly


   Skills:
 * Level 0.4 Fighting
 * Level 3.1 Dodging
 * Level 3.5 Stealth
 + Level 1.0 Unarmed Combat
 + Level 2.3 Spellcasting
 + Level 0.3 Conjurations
 + Level 4.2 Poison Magic


You couldn't memorise any spells.
You knew the following spells:

 Your Spells              Type           Power        Failure   Level  Hunger
a - Sting                 Conj/Pois      #...         10%         1    #......
b - Cure Poison           Pois           ###.......   8%          2    ###....
c - Mephitic Cloud        Conj/Pois/Air  #.......     34%         3    ###....


Dungeon Overview and Level Annotations

Branches:
Dungeon (3/15)

Altars:


Innate Abilities, Weirdness & Mutations

You cannot wear armour.
You are incapable of wielding weapons or throwing items.
You have sharp claws.
You have razor-sharp teeth.
You have supernaturally acute eyesight.
You are carnivorous and can eat meat at any time.
You cover ground quickly.
You are covered in fur (AC +1).
You have a slow metabolism.
Your sharp claws are effective at attacking unaware monsters.


Message History

The orc is severely wounded.
You closely miss the orc.
The orc is severely wounded.
The orc closely misses you.
You closely miss the orc.
The orc is severely wounded.
The orc misses you.
You scratch the orc.
You kill the orc!
The orc wizard casts a spell at you. The puff of flame hits you!
Ouch! That really hurt!
* * * LOW HITPOINT WARNING * * *
The orc wizard closely misses you.
Things that are here:
a +0 mace; 2 tomahawks You scratch the orc wizard but do no damage.
The orc wizard is almost dead.
The orc wizard hits you with a dagger.
You die...

#.# #.# #.# #. #.# #.# #.# ##
#.# ##.## #.# #.#
#####(..#####.######## #.#
#.............o>o.....
#.#####.###...#####.########
######.......# ##.######.#
.....############.##...#.#
####............@o##.#.#.#
##...#####.#####.##.#.#.# ###
#.###.####.#####.##.#...###.##
#.# #......##.##.##.....##...##
#.###.####.#.#.#.##.###.#.....##
##...## #..###..##.# #.........
##.## #.## ##....###.#.....##
####.# ##.###.###.....##...##
.....# ##.#.## ####.####.##


You could see an orc wizard (invisible).

Vanquished Creatures
  3 adders (D:2)
  3 worms (D:2)
  3 dart slugs (D:1)
  A giant gecko (D:1)
  An orc (D:2)
  A giant cockroach (D:1)
  5 goblins
  2 hobgoblins (D:2)
  4 jackals (D:1)
  2 bats
  2 giant newts
  7 kobolds
  3 rats
37 creatures vanquished.

Notes
Turn   | Place    | Note
--------------------------------------------------------------
     0 | D:1      | magog001 the Felid Venom Mage began the quest for the Orb.
     0 | D:1      | Reached XP level 1. HP: 7/7 MP: 4/4
   182 | D:1      | Reached XP level 2. HP: 9/11 MP: 0/6
   257 | D:1      | Learned a level 2 spell: Cure Poison
   279 | D:1      | Reached skill level 4 in Poison Magic
  1041 | D:2      | Reached XP level 3. HP: 15/15 MP: 5/7
  2000 | D:2      | Reached XP level 4. HP: 18/18 MP: 2/8
  2327 | D:3      | Reached skill level 1 in Unarmed Combat
  2446 | D:2      | Slain by an orc
  2447 | D:2      | Reached XP level 3. HP: 0/15 MP: 6/7
  2498 | D:2      | Learned a level 3 spell: Mephitic Cloud
  2534 | D:2      | Slain by an orc wizard

Skill      XL: |  1  2  3  4 |
---------------+-------------+-----
Poison Magic   | 4 |  4.2
Stealth        | 3 |  3.5
Dodging        | 3 |  3.1
Unarmed Combat | 1 |  1.0
Fighting       | |  0.4
Spellcasting   | |  2.3
Conjurations   | |  0.3

Action                   |  1- 3 |  4- 6 || total
-------------------------+-------+-------++-------
Melee: Unarmed           |    80 |    10 ||    90
       Bite              |     6 |     1 ||     7
 Cast: Sting             |    41 |    15 ||    56
       Mephitic Cloud    |     1 |       ||     1
       Cure Poison       |     1 |       ||     1
  Use: Scroll            |       |     6 ||     6
       Potion            |       |     2 ||     2
 Stab: Sleeping          |    11 |     2 ||    13
       Distracted        |     1 |       ||     1
  Eat: Chunk             |    10 |       ||    10
Armor: Skin              |     6 |       ||     6
Dodge: Dodged            |    62 |    12 ||    74
